 Dungeon Crawl Stone Soup version 0.28-a0-863-g8cecda6153 (webtiles) character file.

Game seed: 12916167802302473708

588 ytrimaz the Chopper (level 7, -2/54 HPs)
             Began as a Formicid Fighter on Nov 17, 2021.
             Was an Initiate of Ru.
             Slain by a hound (3 damage)
             ... on level 7 of the Dungeon.
             The game lasted 00:05:09 (4642 turns).

ytrimaz the Chopper (Formicid Fighter)              Turns: 4642, Time: 00:05:09

Health: -2/54      AC: 12    Str: 23    XL:     7   Next: 65%
Magic:  7/7        EV:  6    Int:  7    God:    Ru [......]
Gold:   221        SH:  4    Dex: 10    Spells: 6/6 levels left

rFire   . . .      SeeInvis +   a - +1 war axe (flame)
rCold   . . .      Faith    .   c - +0 buckler
rNeg    . . .      Spirit   .   k - +0 plate armour
rPois   .          Reflect  .   (helmet unavailable)
rElec   .          Harm     .   (no cloak)
rCorr   .          Rampage  .   (no gloves)
Will    .....                   (no boots)
Stlth   ..........              (no amulet)
HPRegen 0.18/turn               (no ring)
MPRegen 0.10/turn               (no ring)

@: no status effects
A: permanent stasis, dig shafts and tunnels, antennae 3, four strong arms
a: Dig, Shaft Self, Renounce Religion


You were on level 7 of the Dungeon.
You worshipped Ru.
Ru was noncommittal.
You visited 2 branches of the dungeon, and saw 8 of its levels.

You collected 221 gold pieces.

Inventory:

Hand Weapons
 a - a +1 war axe of flaming (weapon)
Armour
 c - a +0 buckler (worn)
 k - a +0 plate armour (worn)
Scrolls
 b - a scroll of enchant weapon
 f - a scroll of brand weapon
 j - a scroll of immolation
Potions
 d - 2 potions of haste
 g - a potion of berserk rage {unknown}
 h - a potion of heal wounds {unknown}
 i - a potion of flight {unknown}
 l - a potion of brilliance {unknown}
 m - 2 potions of curing {unknown}
 n - a potion of degeneration {unknown}


   Skills:
 + Level 4.2 Fighting
 * Level 6.6 Axes
 + Level 4.6 Armour
 + Level 4.3 Shields


You had 6 spell levels left.
You didn't know any spells.
Your spell library was empty.

Dungeon Overview and Level Annotations

Branches:
Dungeon (8/15)             Temple (1/1) D:4
   Lair: D:8-11

Altars:
Cheibriados
Dithmenos
Elyvilon
Fedhas
Gozag
Makhleb
Qazlal
Ru
Sif Muna
Uskayaw
Xom
The Shining One

Portals:
Bailey: D:7


Innate Abilities, Weirdness & Mutations

You cannot be hasted, slowed, berserked, paralysed or teleported.
You can dig through walls and to a lower floor.
You have a pair of large antennae on your head. (SInv)
Your four strong arms can wield two-handed weapons with a shield.


Message History

The slime creature quivers. x2
A slime creature comes into view.
The slime creature quivers.
Found a stone staircase leading up.
There is a stone staircase leading up here.
The slime creature hits you but does no damage.
You climb upwards.
You hear the roar of battle.
There is an entrance to a bailey on this level.
Hurry and find it before the portal closes forever!
The ufetubus shouts!
The hound barks!
Found a robe.
Found a flagged portal.
There is a stone staircase leading down here.
Unknown command.
The slime creature hits you!
* * * LOW HITPOINT WARNING * * *
You miss the ufetubus. You slash the slime creature!
You burn the slime creature. The killer bee zombie hits you.
* * * LOW HITPOINT WARNING * * *
The ufetubus barely misses you. x2; The slime creature hits you!
* * * LOW HITPOINT WARNING * * *
The killer bee zombie barely misses you.
Unknown command.
An orc comes into view. It is wielding a +0 dagger.
The orc shouts!
The ufetubus hits you but does no damage.
The ufetubus barely misses you.
The ufetubus hits you but does no damage.
The ufetubus hits you.
* * * LOW HITPOINT WARNING * * *
The hound bites you but does no damage. The ufetubus barely misses you.
The ufetubus hits you but does no damage.
The killer bee zombie barely misses you.
A bullfrog comes into view.
You block the hound's attack.
The bullfrog croaks.
Okay, then.
A slime creature comes into view.
The slime creature quivers.
The hound bites you.
You die...

###
#############.####.##
.......>....Z.......J
...........Jh@..#
.....8......5.###
..8.....8...#.....
.........[o##.####
.........F.##.#
8....∩....8##.#
...............
............


You could see 2 slime creatures, a bullfrog, a hound, an orc, an ufetubus and a
killer bee zombie.

Vanquished Creatures
  An orc warrior (D:4)
  An ogre (D:4)
  2 scorpions (D:5)
  2 hounds (D:4)
  2 iguanas
  2 orc wizards
  2 gnolls (D:1)
  4 adders
  An adder skeleton (D:4)
  9 orcs
  4 bats
  4 endoplasms
  2 giant cockroaches
  11 goblins
  9 hobgoblins
  3 jackals (D:4)
  A ball python (D:3)
  4 frilled lizards
  4 kobolds
  A quokka skeleton (D:3)
  2 rats
71 creatures vanquished.

Notes
Turn   | Place    | Note
-------+----------+-------------------------------------------
     0 | D:1      | ytrimaz the Formicid Fighter began the quest for the Orb.
     0 | D:1      | Reached XP level 1. HP: 18/18 MP: 1/1
    50 | D:1      | Found a faded altar of an unknown god.
   164 | D:1      | Reached XP level 2. HP: 24/24 MP: 2/2
   424 | D:1      | Reached XP level 3. HP: 29/29 MP: 3/3
   991 | D:2      | You fall into a shaft and drop 2 floors!
  1105 | D:4      | Noticed an ogre
  1121 | D:3      | Reached skill level 3 in Axes
  1227 | D:2      | Reached XP level 4. HP: 36/37 MP: 4/4
  2305 | D:3      | Found an opulent altar of Gozag.
  2663 | D:4      | Noticed an orc warrior
  2667 | D:4      | Reached XP level 5. HP: 34/42 MP: 5/5
  2669 | D:4      | Killed an orc warrior
  2670 | D:4      | Reached skill level 4 in Axes
  2670 | D:4      | Reached XP level 6. HP: 40/48 MP: 6/6
  2755 | D:4      | Found a staircase to the Ecumenical Temple.
  2776 | Temple   | Entered the Ecumenical Temple
  2982 | Temple   | Became a worshipper of Ru the Awakened
  3100 | D:4      | Reached skill level 5 in Axes
  3400 | D:4      | Killed an ogre
  3401 | D:4      | Reached XP level 7. HP: 34/54 MP: 7/7
  3828 | D:5      | Entered Level 5 of the Dungeon
  4283 | D:5      | Reached skill level 6 in Axes
  4575 | D:5      | Noticed a two-headed ogre
  4615 | D:5      | You fall into a shaft and drop 3 floors!
  4615 | D:8      | Noticed a slime creature
  4615 | D:8      | Noticed a slime creature
  4615 | D:8      | Noticed a slime creature
  4623 | D:8      | Noticed a slime creature
  4635 | D:7      | Found a flagged portal.
  4638 | D:7      | HP: 2/54 [slime creature (8)]
  4642 | D:7      | Noticed a slime creature
  4642 | D:7      | Slain by a hound

Illustrated notes

Levels and vault maps discovered:
D:1:      saegor_arrival_fortress, layout_basic,
          dreamdust_ecumenical_altar_statues, hangedman_decor_push,
          chequers_serial_rivers_small_b
D:2:      layout_basic
D:3:      layout_basic, nicolae_gozag_seed_capital, minmay_misc_feat_enclosed
D:4:      layout_basic, temple_statues
D:5:      minmay_recursive_quarters, layout_cave_pools, zin_statuary,
          lemuel_doored_altar
D:7:      layout_basic, gammafunk_ghost_wrathful_warriors, enter_bailey_6,
          uniq_joseph
D:8:      layout_loops_ring
Temple:   minmay_temple_curvy_loop

Skill      XL: |  1  2  3  4  5  6  7 |
---------------+----------------------+-----
Shields        | 4 |  4.3
Axes           | 3 4 5 6 |  6.6
Armour         | 4 |  4.6
Fighting       | 4 |  4.2

Action                   |  1- 3 |  4- 6 |  7- 9 || total
-------------------------+-------+-------+-------++-------
Melee: War axe           |    70 |    87 |    44 ||   201
 Abil: Dig               |     2 |       |       ||     2
       Shaft Self        |       |       |     1 ||     1
  Use: Scroll            |       |     7 |     2 ||     9
       Potion            |       |     1 |       ||     1
Armor: Scale mail        |    25 |    51 |     6 ||    82
       Plate armour      |       |       |    31 ||    31
Dodge: Dodged            |    37 |    41 |    36 ||   114
Block: Buckler           |    12 |    22 |    18 ||    52

Table legend: (Time is in decaauts)
 A = Elapsed time spent in this place.
 B = Non-inter-level travel time spent in this place.
 C = Inter-level travel time spent in this place.
 D = Time resting spent in this place.
 E = Time spent auto-exploring this place.
 F = Levels seen in this place.
 G = Mean time per level.
                   A        B        C        D        E       F      G
               +--------+--------+--------+--------+--------+-----+--------+
         Total |   4709 |   4521 |    188 |    769 |   3012 |   8 |  588.6 |
       Dungeon |   4479 |   4313 |    166 |    769 |   2820 |   7 |  639.9 |
        Temple |    229 |    207 |     22 |      0 |    192 |   1 |  229.0 |
               +--------+--------+--------+--------+--------+-----+--------+

Top non-repeatable levels by time:
     D:4: 1726 daAuts
     D:2: 1006 daAuts
     D:1: 945 daAuts
     D:3: 634 daAuts
  Temple: 229 daAuts
     D:5: 140 daAuts
     D:8: 19 daAuts
     D:7: 7 daAuts
